 Dungeon Crawl Stone Soup version 0.17-a0-483-g810ce3f (webtiles) character file.

201089 mopl the Black Belt (level 17, -1/196 HPs)
             Began as a Deep Dwarf Transmuter on Apr 2, 2015.
             Was the Champion of Makhleb.
             Shot with a bolt by a naga sharpshooter (20 damage)
             ... on level 5 of the Snake Pit on Apr 8, 2015.
             The game lasted 03:25:44 (36958 turns).

mopl the Black Belt (Deep Dwarf Transmuter)        Turns: 36958, Time: 03:25:44

Health: -1/196     AC: 12    Str: 16    XL:     17   Next: 90%
Magic:  19/19      EV: 20    Int: 18    God:    Makhleb [******]
Gold:   418        SH:  0    Dex: 18    Spells: 7 memorised, 6 levels left

rFire  . . .     SeeInvis .       - Unarmed
rCold  + + +     Clarity  .     (armour currently unavailable)
rNeg   + + .     SustAb   .     (shield currently unavailable)
rPois  +         Gourm    .     (helmet currently unavailable)
rElec  .         Spirit   .     (cloak currently unavailable)
rCorr  .         Warding  .     (gloves currently unavailable)
rMut   .         Stasis   .     (boots currently unavailable)
MR     ++...                    V - amulet of rage
Stlth  ++........               T - +5 ring of protection
                                I - ring "Owasowk" {rF+ rC+ rN+ Int+4 Stlth-}

@: ice-form, non-regenerating, very resistant to hostile enchantments,
unstealthy
A: damage resistance, recharge devices, negative energy resistance 1, sense
surroundings 2, slow healing 3
a: Device Recharging, End Transformation, Minor Destruction, Lesser Servant of
Makhleb, Major Destruction, Greater Servant of Makhleb, Renounce Religion, Evoke
Berserk Rage
}: 1/15 runes: barnacled


You were on level 5 of the Snake Pit.
You worshipped Makhleb.
Makhleb was exalted by your worship.
You were not hungry.
You were a creature of crystalline ice.
You visited 6 branches of the dungeon, and saw 38 of its levels.
You also visited: Bailey and Volcano.

You collected 4527 gold pieces.
You spent 4109 gold pieces at shops.

Inventory:

Hand weapons
 A - a +1 blowgun
Missiles
 b - 465 arrows
 n - 5 curare-tipped needles
 H - 53 javelins
 P - 39 tomahawks (quivered)
 Q - 93 poisoned needles
 R - 13 throwing nets
Armour
 i - a +2 hat of magic resistance (melded)
 p - the +1 pair of boots of Surprise (melded) {MR+ MP+9 Str+7 SInv}
   (You acquired it on level 2 of the Shoals)

   It affects your strength (+7).
   It affects your resistance to hostile enchantments.
   It affects your magic capacity (+9).
   It enhances your eyesight.
 v - a +2 robe of fire resistance (melded)
 z - the +0 scale mail of the Suburbs {rC- Str+3 Slay+3 Stlth+}
   (You found it on level 5 of the Shoals)

   It affects your strength (+3).
   It affects your accuracy and damage with ranged weapons and melee attacks
   (+3).
   It makes you vulnerable to cold.
   It makes you more stealthy.
 N - a +0 cloak of invisibility (melded)
 Z - a +2 pair of gloves (melded)
Jewellery
 k - an uncursed amulet of clarity
 r - the ring "Motui" {+Fly rElec rF- MP+9 Dex+4}
   (You found it on level 8 of the Dungeon)

   [ring of flight]

   It affects your dexterity (+4).
   It makes you vulnerable to fire.
   It insulates you from electricity.
   It affects your magic capacity (+9).
   It lets you fly.
 E - an uncursed amulet of stasis
 I - the ring "Owasowk" (left front paw) {rF+ rC+ rN+ Int+4 Stlth-}
   (You bought it in a shop on level 2 of the Snake Pit)

   [ring of protection from cold]

   It affects your intelligence (+4).
   It protects you from fire.
   It protects you from cold.
   It protects you from negative energy.
   It makes you less stealthy.
 T - a +5 ring of protection (right front paw)
 V - an amulet of rage (around neck)
 X - the ring of the Open Hand {-Tele rElec rN++ MR+ SInv}
   (You found it on level 5 of the Shoals)

   [ring of see invisible]

   It insulates you from electricity.
   It greatly protects you from negative energy.
   It affects your resistance to hostile enchantments.
   It enhances your eyesight.
   It prevents most forms of teleportation.
Magical devices
 a - a wand of heal wounds (3)
 d - a wand of lightning (4)
 o - a wand of confusion (22)
 q - a wand of paralysis (5)
 C - a wand of cold (8)
 F - a wand of polymorph (14)
 L - a wand of fireball (7)
 M - a wand of fire (12)
 S - a wand of enslavement (6)
 U - a wand of disintegration (4)
Scrolls
 h - 4 scrolls of fear
 m - 5 scrolls of blinking
 t - 11 scrolls of remove curse
 w - 11 scrolls of teleportation
 y - 3 scrolls of magic mapping
 B - 7 scrolls of fog
 G - a scroll of silence
 K - 6 scrolls of vulnerability {!r}
 O - a scroll of summoning
Potions
 e - 13 potions of curing
 g - 4 potions of haste
 l - 2 potions of cancellation
 s - 6 potions of might
 D - 3 potions of resistance
 J - 2 potions of ambrosia {!q}
 W - 9 potions of agility
Miscellaneous
 c - a stone of tremors
Comestibles
 f - 15 bread rations


   Skills:
 + Level 13.4 Fighting
 - Level 8.5 Armour
 + Level 13.1 Dodging
 - Level 3.3 Stealth
 + Level 16.3 Unarmed Combat
 - Level 6.0 Spellcasting
 - Level 3.0 Hexes
 - Level 4.0 Necromancy
 - Level 11.0 Transmutations
 - Level 3.0 Ice Magic
 - Level 5.0 Earth Magic
 - Level 2.0 Poison Magic
 - Level 10.0 Invocations
 - Level 10.1 Evocations


You had 6 spell levels left.
You knew the following spells:

 Your Spells              Type           Power        Failure   Level  Hunger
a - Confusing Touch       Hex            ###...       6%          2    None
b - Spider Form           Trmt/Pois      ####......   2%          3    ##.....
c - Blade Hands           Trmt           #####.....   3%          5    #####..
d - Ice Form              Ice/Trmt       ####....     8%          4    ####...
g - Corpse Rot            Necr           N/A          3%          2    None
p - Petrify               Trmt/Erth      ####....     4%          4    ####...
w - Sticks to Snakes      Trmt           #####.....   1%          2    None


Dungeon Overview and Level Annotations

Branches:
Dungeon (15/15)            Temple (1/1) D:7            Lair (8/8) D:10
 Shoals (5/5) Lair:5        Snake (5/5) Lair:3        Slime (0/6) Lair:7
    Orc (4/4) D:12            Elf (0/3) Orc:3        Vaults (0/5) D:14
 Depths (0/5) D:15

Altars:
Ashenzari
Cheibriados
Dithmenos
Elyvilon
Fedhas
Gozag
Kikubaaqudgha
Makhleb
Nemelex Xobeh
Okawaru
Qazlal
Ru
Sif Muna
Trog
Vehumet
Xom
Yredelemnul
Zin
The Shining One
Jiyva

Shops:
D:5 *   D:10 *   D:13 ?   Orc:4 [[!*[   Shoals:2 ***?!   Shoals:4 }
Shoals:5 (   Snake:2 %==*

Portals:
Hell: Lair:8
Trove: D:15 (give +3 storm dragon armour)

Annotations:
D:13 1 runed door
D:15 amnesia


Innate Abilities, Weirdness & Mutations

You are resistant to damage.
You can recharge devices by infusing magical energy.
You resist negative energy.
You passively map the area around you.
You do not heal naturally.


Message History

* * * LOW HITPOINT WARNING * * *
You see here a bolt.
You hit the naga sharpshooter. You freeze the naga sharpshooter.
The naga sharpshooter is lightly wounded.
The naga sharpshooter shoots a bolt.
The bolt hits you!
* * * LOW HITPOINT WARNING * * *
You completely miss the naga sharpshooter.
The naga sharpshooter is lightly wounded.
You pummel the naga sharpshooter!! You freeze the naga sharpshooter.
The naga sharpshooter is heavily wounded.
The naga sharpshooter shoots a bolt.
The bolt hits you!!
* * * LOW HITPOINT WARNING * * *
You punch the naga sharpshooter! You freeze the naga sharpshooter.
The naga sharpshooter is severely wounded.
You closely miss the naga sharpshooter.
The naga sharpshooter is severely wounded.
The naga sharpshooter gestures wildly while chanting.
The naga sharpshooter magically shoots a bolt.
The bolt hits you!!
You die...

#.####...........#
...)()[.........##
([[.(.N..[...<..#
)....###...#....#
###### ##..####.#
# * #..# #.#### #,
* #.### #....# #,,
#...###.N..# #, ,
* #.....#.Y..# # ,
* ##....#(...####
# , #..#.(.).....#
, , ##...........#
####..###...# ,,
,,, ##.# *#### , ,
#.# , ### , *


You could see a naga sharpshooter.

Vanquished Creatures
  Jorgrun (Snake:3)
  Rupert (Lair:8)
  Polyphemus (Shoals:5)
  A greater naga (Snake:5)
  Maud (Lair:8)
  Louise (Shoals:2)
  The ghost of Emanloe the Protected, a powerful GrFi of Ru (D:15)
  A dire elephant (D:15)
  4 vault guards (D:14)
  4 merfolk javelineers
  12 merfolk impalers
  A hell beast (Lair:8)
  16 naga warriors
  4 hydras
  4 merfolk avatars
  3 merfolk aquamancers
  An alligator snapping turtle (Shoals:5)
  5 centaur warriors
  13 anacondas
  A tengu warrior (Shoals:2)
  A satyr (Shoals:4)
  5 ogre magi
  2 death yaks (Shoals:5)
  2 shock serpents
  10 naga sharpshooters
  10 sea snakes
  A salamander mystic (Snake:5)
  2 unseen horrors (D:13)
  5 lindwurms
  A harpy (shapeshifter) (D:14)
  2 hill giants
  Pikel (D:7)
  An orc knight (Bailey)
  7 manticores
  6 naga ritualists
  10 harpies
  An ugly thing (D:12)
  A wizard (Lair:8)
  An orc sorcerer (Orc:4)
  A salamander (shapeshifter) (D:15)
  8 salamanders
  12 fauns
  A wolf spider (D:15)
  8 cyclopes
  6 griffons
  8 mana vipers
  3 water nymphs
  2 centaur zombies
  An eye of devastation (Lair:4)
  6 elephants
  2 molten gargoyles (Volcano)
  38 black mambas
  A gargoyle (D:15)
  3 guardian serpents
  4 orange demons (Lair:8)
  11 sirens
  12 naga magi
  2 torpor snails
  6 centaur skeletons
  2 efreet
  11 spiny frogs
  5 fire drakes
  A tengu conjurer (Shoals:2)
  2 red devils (Lair:8)
  3 komodo dragons (Lair:3)
  A yaktaur (D:15)
  2 wind drakes
  19 two-headed ogres
  3 blue devils (Lair:8)
  2 steam dragons
  A hellwing (Lair:8)
  38 merfolk
  6 trolls
  A wind drake (shapeshifter) (D:14)
  A boulder beetle (Lair:8)
  Prince Ribbit (D:7)
  3 polar bears
  11 blink frogs
  3 ravens (Shoals:2)
  7 snapping turtles
  A shadow (D:14)
  A spriggan (D:7)
  33 yaks
  4 water elementals (Shoals:1)
  3 deep elf magi
  3 wyverns
  A wraith (D:14)
  19 hippogriffs
  A hungry ghost (D:8)
  Menkaure (D:4)
  45 nagas
  3 basilisks
  5 wolves (Lair:2)
  Edmund (D:6)
  3 wargs
  13 porcupines
  A hell hound (Lair:8)
  4 slaves (D:7)
  An ice beast (D:10)
  2 sky beasts
  6 spiders (Snake:5)
  29 water moccasins
  17 orc warriors
  Purgy (D:3)
  A black bear (D:8)
  3 centaurs
  A necrophage (D:12)
  An eye of draining (D:13)
  A phantom (D:7)
  27 ogres
  2 boring beetles
  13 crocodiles
  22 giant frogs
  A wyvern zombie (D:10)
  3 scorpions
  5 wights (D:14)
  3 electric eels
  3 goliath beetles
  28 orc priests
  A lava snake (Volcano)
  4 jellies
  6 crimson imps
  21 orc wizards
  2 giant frog skeletons
  Jessica (D:3)
  11 hounds
  Terence (D:3)
  6 iguanas
  A quasit (D:9)
  10 worker ants
  17 sheep
  2 worker ant zombies
  26 adders
  4 gnolls
  85 river rats
  3 shadow imps
  5 worms
  5 giant geckos
  3 oozes
  163 orcs
  13 bats
  2 bat skeletons
  7 giant cockroaches
  25 goblins
  20 hobgoblins
  22 jackals
  26 kobolds
  12 quokkas
  A ball python (D:6)
  3 giant newts
  A giant spore (D:14)
  25 rats
  7 ballistomycetes
  A fungus (Lair:3)
  3 plants
1260 creatures vanquished.

Vanquished Creatures (collateral kills)
  A satyr (Shoals:4)
  2 fauns (Shoals:4)
  A hound (Lair:1)
  4 river rats (Lair:1)
  4 adders
  2 worms (D:1)
  2 giant newts (D:1)
  A kobold (D:2)
17 creatures vanquished.

Vanquished Creatures (others)
  A merfolk avatar (Shoals:5)
  A sea snake (Shoals:2)
  A faun (Shoals:2)
  6 drowned souls
  A merfolk (Shoals:4)
  A water elemental (Shoals:5)
  A porcupine (Lair:1)
  A wyvern zombie (D:9)
  A giant spore (D:7)
  A fungus (Lair:3)
  3 plants
18 creatures vanquished.

Grand Total: 1295 creatures vanquished

Notes
Turn   | Place    | Note
--------------------------------------------------------------
     0 | D:1      | mopl, the Deep Dwarf Transmuter, began the quest for the Orb.
     0 | D:1      | Reached XP level 1. HP: 16/16 MP: 2/2
   143 | D:1      | Reached XP level 2. HP: 13/24 MP: 2/4
   155 | D:1      | Learned a level 2 spell: Sticks to Snakes
   225 | D:1      | Reached skill level 3 in Unarmed Combat
   663 | D:1      | Reached XP level 3. HP: 15/30 MP: 0/5
   822 | D:2      | Found a stormy altar of Qazlal.
   861 | D:2      | Learned a level 3 spell: Spider Form
  1470 | D:3      | Reached skill level 1 in Poison Magic
  1470 | D:3      | Reached XP level 4. HP: 19/37 MP: 2/6
  1645 | D:3      | Noticed Jessica
  1667 | D:3      | Killed Jessica
  1670 | D:3      | Reached XP level 5. HP: 37/43 MP: 0/7
  1699 | D:3      | Noticed Terence
  1847 | D:3      | Killed Terence
  2029 | D:3      | Reached skill level 4 in Unarmed Combat
  2142 | D:3      | Noticed Purgy
  2164 | D:3      | Killed Purgy
  2164 | D:3      | Reached XP level 6. HP: 38/50 MP: 3/8
  2740 | D:4      | Noticed Menkaure
  2762 | D:4      | Killed Menkaure
  2762 | D:4      | Reached skill level 5 in Unarmed Combat
  2814 | D:4      | Reached skill level 1 in Fighting
  2832 | D:4      | Reached XP level 7. HP: 45/57 MP: 4/8
  3364 | D:5      | Entered Level 5 of the Dungeon
  3395 | D:5      | Found Gozag's Platinum Reserve.
  3396 | D:5      | Found an opulent altar of Gozag.
  3446 | D:5      | Found a basalt altar of Yredelemnul.
  4129 | D:6      | Noticed Edmund
  4257 | D:6      | Killed Edmund
  4388 | D:6      | Reached skill level 6 in Unarmed Combat
  4537 | D:6      | Reached XP level 8. HP: 36/68 MP: 5/8
  4834 | D:6      | Reached skill level 1 in Evocations
  5118 | D:7      | Found Akhez's Food Shop.
  5239 | D:7      | Found a flagged portal.
  5274 | Bailey   | Entered a bailey
  5301 | Bailey   | Noticed an orc knight
  5369 | Bailey   | Reached skill level 7 in Unarmed Combat
  5580 | Bailey   | Got an ancient battleaxe
  5691 | Bailey   | Killed an orc knight
  5785 | Bailey   | Reached skill level 5 in Dodging
  5785 | Bailey   | Gained mutation: You passively map the area around you. [Deep Dwarf growth]
  5785 | Bailey   | Reached XP level 9. HP: 37/78 MP: 9/9
  5979 | Bailey   | Identified the +7 battleaxe of Makhleb's Delight {venom, rN+ Str+4 Int+4} (You took it off a gnoll in a bailey)
  6050 | D:7      | Found a staircase to the Ecumenical Temple.
  6069 | Temple   | Entered the Ecumenical Temple
  6094 | Temple   | Became a worshipper of Makhleb the Destroyer
  6144 | D:7      | Reached skill level 8 in Unarmed Combat
  6446 | D:7      | Noticed Prince Ribbit
  6703 | D:8      | Acquired Makhleb's first power
  6888 | D:7      | Found a glowing golden altar of the Shining One.
  7064 | D:8      | Noticed a centaur warrior
  7080 | D:8      | Killed a centaur warrior
  7080 | D:8      | Reached skill level 5 in Fighting
  7080 | D:8      | Reached skill level 9 in Unarmed Combat
  7080 | D:8      | Reached skill level 5 in Evocations
  7102 | D:8      | Got a slimy bone ring
  7104 | D:8      | Identified the ring "Motui" {+Fly rElec rF- MP+9 Dex+4} (You found it on level 8 of the Dungeon)
  7193 | D:9      | Got a crude dagger
  7194 | D:9      | Identified the +5 dagger of True Grit {pierce, +Blink rF+} (You took it off an orc priest on level 9 of the Dungeon)
  7318 | D:9      | Reached XP level 10. HP: 43/88 MP: 5/10
  7423 | D:9      | Reached skill level 1 in Invocations
  7459 | D:9      | Found a shadowy altar of Dithmenos.
  7764 | D:9      | Acquired Makhleb's second power
  8022 | D:10     | Entered Level 10 of the Dungeon
  8048 | D:10     | Found a staircase to the Lair.
  8068 | Lair:1   | Entered Level 1 of the Lair of Beasts
  8150 | Lair:1   | Learned a level 2 spell: Corpse Rot
  8155 | Lair:1   | Learned a level 4 spell: Ice Form
  8339 | D:10     | Found Gogew's General Store.
  8358 | D:10     | Reached skill level 10 in Unarmed Combat
  8373 | D:10     | Bought a potion of curing for 33 gold pieces
  8373 | D:10     | Bought a scroll of teleportation for 33 gold pieces
  8373 | D:10     | Bought a scroll of recharging for 104 gold pieces
  8593 | D:10     | Acquired Makhleb's third power
  8911 | D:11     | Noticed a cyclops
  8935 | D:11     | Killed a cyclops
  8935 | D:11     | Reached skill level 1 in Ice Magic
  9362 | D:11     | Reached XP level 11. HP: 73/97 MP: 11/11
  9751 | Lair:1   | Noticed a seven-headed hydra
  9759 | Lair:1   | Killed a seven-headed hydra
  9759 | Lair:1   | Reached skill level 5 in Transmutations
 10233 | D:7      | Killed Prince Ribbit
 10402 | D:7      | Noticed Pikel
 10423 | D:7      | Killed Pikel
 10657 | Lair:2   | Acquired Makhleb's fourth power
 10712 | Lair:2   | Reached skill level 11 in Unarmed Combat
 11628 | Lair:3   | Found a dark tunnel.
 11654 | Volcano  | Entered a volcano
 11699 | Volcano  | Acquired Makhleb's fifth power
 11765 | Volcano  | Found a burning altar of Makhleb.
 11765 | Volcano  | Noticed a hill giant
 11765 | Volcano  | Noticed an ogre mage
 11773 | Volcano  | Killed an ogre mage
 11776 | Volcano  | Killed a hill giant
 11894 | Volcano  | Reached skill level 10 in Evocations
 11894 | Volcano  | Reached XP level 12. HP: 75/105 MP: 11/14
 12277 | Lair:3   | Noticed a naga warrior
 12293 | Lair:3   | Killed a naga warrior
 12293 | Lair:3   | Reached skill level 12 in Unarmed Combat
 12296 | Lair:3   | Found a staircase to the Snake Pit.
 13150 | Lair:4   | Noticed Harold
 13163 | Lair:4   | Noticed Harold
 13163 | Lair:4   | Harold changed into Harold the death drake
 13164 | Lair:4   | Harold the death drake changed into Harold the eye of devastation
 13733 | Lair:1   | Learned a level 5 spell: Blade Hands
 14629 | Lair:5   | Reached skill level 13 in Unarmed Combat
 14716 | Lair:5   | Identified a scroll of acquirement
 15254 | Lair:5   | Found a staircase to the Shoals.
 15491 | Lair:6   | Reached XP level 13. HP: 107/117 MP: 12/15
 16045 | Lair:6   | Reached skill level 5 in Spellcasting
 17475 | Lair:7   | Found a runed door.
 17475 | Lair:7   | Found a viscous altar of Jiyva.
 17475 | Lair:7   | Found a staircase to the Slime Pits.
 17705 | Lair:8   | Entered Level 8 of the Lair of Beasts
 17752 | Lair:8   | Noticed Rupert
 17764 | Lair:8   | Killed Rupert
 17781 | Lair:8   | Got a fine bronze ring
 17783 | Lair:8   | Identified the ring of the Moon {Ice +Blink MR- MP-9 Slay+3} (You found it on level 8 of the Lair of Beasts)
 17810 | Lair:8   | Reached skill level 14 in Unarmed Combat
 19005 | D:12     | Found a staircase to the Orcish Mines.
 19821 | Orc:1    | Entered Level 1 of the Orcish Mines
 20111 | Orc:1    | Reached skill level 1 in Stealth
 20870 | Orc:3    | Found a staircase to the Elven Halls.
 21075 | Orc:3    | Gained mutation: You resist negative energy. [Deep Dwarf growth]
 21075 | Orc:3    | Reached XP level 14. HP: 129/129 MP: 13/17
 21434 | Orc:4    | Entered Level 4 of the Orcish Mines
 21784 | Orc:4    | Found Fabresm's Antique Armour Shoppe.
 21876 | Orc:4    | Reached skill level 5 in Invocations
 21895 | Orc:4    | Reached skill level 10 in Dodging
 22070 | Orc:4    | Found Ynifa's Distillery.
 22070 | Orc:4    | Found Hadadgh's Assorted Antiques.
 22071 | Orc:4    | Found Caepirph's Armour Shoppe.
 22080 | Orc:4    | Found Kiafipt's Armour Boutique.
 22087 | Orc:4    | Bought a sapphire potion {tried by monster} for 30 gold pieces
 22087 | Orc:4    | Bought a bubbling ruby potion for 30 gold pieces
 22087 | Orc:4    | Bought a scroll labeled PAKHLI ASTRUMI for 34 gold pieces
 22087 | Orc:4    | Bought a scroll of identify for 68 gold pieces
 22087 | Orc:4    | Bought a potion of might for 136 gold pieces
 22087 | Orc:4    | Bought a pair of boots for 153 gold pieces
 22244 | Orc:4    | Bought a potion of agility for 48 gold pieces
 22244 | Orc:4    | Bought a potion of haste for 120 gold pieces
 22244 | Orc:4    | Bought a potion of might for 48 gold pieces
 22244 | Orc:4    | Bought a potion of invisibility for 96 gold pieces
 22244 | Orc:4    | Bought a potion of haste for 120 gold pieces
 22244 | Orc:4    | Bought 2 potions of might for 96 gold pieces
 22244 | Orc:4    | Bought a potion of ambrosia for 96 gold pieces
 22244 | Orc:4    | Bought a potion of curing for 36 gold pieces
 22244 | Orc:4    | Bought 2 potions of restore abilities for 120 gold pieces
 22678 | Lair:8   | Noticed Maud
 22697 | Lair:8   | Killed Maud
 23394 | Lair:8   | Found a burning altar of Makhleb.
 23438 | Lair:8   | Found a gateway to Hell.
 23513 | Lair:8   | Reached skill level 10 in Fighting
 23917 | D:13     | Noticed Emanloe's ghost (powerful GrFi)
 24203 | D:13     | Found a runed door.
 24284 | D:13     | Found Ugoizoil's Magic Scroll Boutique.
 24293 | D:13     | Bought a scroll of teleportation for 39 gold pieces
 24293 | D:13     | Bought a scroll of torment for 97 gold pieces
 24293 | D:13     | Bought a scroll of identify for 26 gold pieces
 24293 | D:13     | Bought a scroll of identify for 26 gold pieces
 24293 | D:13     | Bought a scroll of teleportation for 39 gold pieces
 24293 | D:13     | Bought a scroll of identify for 26 gold pieces
 24293 | D:13     | Bought a scroll of recharging for 123 gold pieces
 24293 | D:13     | Bought a scroll of fear for 45 gold pieces
 24462 | D:13     | Reached skill level 1 in Armour
 25328 | D:14     | Found a gate to the Vaults.
 25348 | D:14     | Reached XP level 15. HP: 139/139 MP: 13/17
 25657 | D:15     | Entered Level 15 of the Dungeon
 25792 | D:15     | Found a portal to a secret trove of treasure.
 25970 | D:15     | Found a staircase to the Depths.
 26522 | D:15     | Killed Emanloe's ghost
 26722 | Snake:1  | Entered Level 1 of the Snake Pit
 26820 | Snake:1  | Reached skill level 10 in Invocations
 26986 | Snake:1  | Upgraded the game from 0.17-a0-377-gdd46233 to 0.17-a0-427-ga655056
 27399 | Snake:1  | Reached skill level 5 in Armour
 27492 | Snake:1  | Got a faintly glowing ring mail
 27503 | Snake:1  | Identified the +6 ring mail "Mudofeam" {Str+3} (You found it on level 1 of the Snake Pit)
 27706 | Snake:2  | Found Coethun's Jewellery Shop.
 27953 | Snake:2  | Found Tefo's Food Shoppe.
 27997 | Snake:2  | Found Noutuo's Assorted Antiques.
 28002 | Snake:2  | Upgraded the game from 0.17-a0-427-ga655056 to 0.17-a0-477-g451446c
 28005 | Snake:2  | Bought a scroll labeled HUDECWEETI for 30 gold pieces
 28005 | Snake:2  | Bought a potion of curing for 90 gold pieces
 28005 | Snake:2  | Bought a tourmaline ring for 150 gold pieces
 28080 | Snake:2  | Found Waimaib's Jewellery Emporium.
 28882 | Lair:1   | Learned a level 4 spell: Petrify
 29020 | Snake:5  | Entered Level 5 of the Snake Pit
 29064 | Snake:5  | Reached skill level 10 in Transmutations
 29303 | Snake:3  | Reached XP level 16. HP: 89/151 MP: 16/21
 30132 | Shoals:1 | Entered Level 1 of the Shoals
 30255 | Shoals:2 | Reached skill level 15 in Unarmed Combat
 30453 | Shoals:2 | Found Wergha's General Store.
 30512 | Shoals:2 | Found Xotteh Biosk's Distillery.
 30513 | Shoals:2 | Bought a scroll of teleportation for 51 gold pieces
 30545 | Shoals:2 | Got a pair of faintly humming boots
 30556 | Shoals:2 | Identified the +1 pair of boots of Surprise {MR+ MP+9 Str+7 SInv} (You acquired it on level 2 of the Shoals)
 30562 | Shoals:2 | Got a scorched ring mail
 30581 | Shoals:1 | Identified the cursed +0 ring mail "Mausisam" {rF- MP-9 Int+10} (You found it on level 2 of the Shoals)
 30625 | Shoals:2 | Bought a potion of heal wounds for 85 gold pieces
 30625 | Shoals:2 | Bought a potion of agility for 68 gold pieces
 30625 | Shoals:2 | Bought a potion of agility for 68 gold pieces
 30625 | Shoals:2 | Bought a potion of agility for 68 gold pieces
 30625 | Shoals:2 | Bought a potion of haste for 170 gold pieces
 30625 | Shoals:2 | Bought a potion of curing for 51 gold pieces
 30625 | Shoals:2 | Bought a potion of curing for 51 gold pieces
 30625 | Shoals:2 | Bought a potion of might for 68 gold pieces
 30815 | Shoals:2 | Found Iruilokh's Magic Scroll Shop.
 30824 | Shoals:2 | Bought a scroll of fog for 28 gold pieces
 30824 | Shoals:2 | Bought a scroll of fear for 49 gold pieces
 30824 | Shoals:2 | Bought a scroll of teleportation for 42 gold pieces
 30825 | Shoals:2 | Noticed Louise
 30843 | Shoals:2 | Killed Louise
 30851 | Shoals:2 | Found Poczuigh's General Store.
 31148 | Shoals:2 | Found Lethy's Assorted Antiques.
 31151 | Shoals:2 | Bought a transparent leather armour for 147 gold pieces
 31173 | Shoals:2 | Identified the +2 leather armour "Obupetob" {Regen+} (You bought it in a shop on level 2 of the Shoals)
 31207 | Shoals:2 | Bought a potion of heal wounds for 105 gold pieces
 31207 | Shoals:2 | Bought a potion of curing for 63 gold pieces
 31590 | Snake:2  | Bought the ring "Owasowk" {rF+ rC+ rN+ Int+4 Stlth-} for 903 gold pieces
 32135 | Shoals:3 | Reached skill level 1 in Earth Magic
 32298 | Shoals:4 | Reached skill level 1 in Necromancy
 32376 | Shoals:4 | Learned a level 2 spell: Confusing Touch
 32501 | Shoals:4 | Found Baokhluof's Gadget Shop.
 32529 | Shoals:5 | Entered Level 5 of the Shoals
 32721 | Shoals:1 | Reached skill level 1 in Hexes
 33329 | Shoals:5 | Found Soun Vek's Weapon Emporium.
 33367 | Shoals:5 | Reached XP level 17. HP: 162/162 MP: 22/22
 33395 | Shoals:5 | Got a barnacled rune of Zot
 33785 | Shoals:5 | Noticed Polyphemus
 33870 | Shoals:5 | Killed Polyphemus
 34669 | Shoals:5 | Got a shimmering scale mail
 34689 | Shoals:5 | Identified the cursed +0 scale mail of the Suburbs {rC- Str+3 Slay+3 Stlth+} (You found it on level 5 of the Shoals)
 34886 | Shoals:5 | HP: 3/194 [merfolk impaler/trident (17)]
 34982 | Shoals:5 | Got a heavily runed lead ring
 34984 | Shoals:5 | Identified the ring of the Open Hand {-Tele rElec rN++ MR+ SInv} (You found it on level 5 of the Shoals)
 35012 | Shoals:5 | Reached skill level 5 in Earth Magic
 35353 | Snake:3  | Got a scorched plate armour
 35368 | Snake:3  | Noticed Jorgrun
 35387 | Snake:3  | Killed Jorgrun
 35601 | Snake:5  | Reached skill level 16 in Unarmed Combat
 36035 | Snake:4  | Identified the +2 plate armour "Mamuk" {rF+ Str+3 Dex+6} (You found it on level 3 of the Snake Pit)
 36737 | Snake:5  | Upgraded the game from 0.17-a0-477-g451446c to 0.17-a0-483-g810ce3f
 36958 | Snake:5  | Shot with a bolt by a naga sharpshooter

Action                   |  1- 3 |  4- 6 |  7- 9 | 10-12 | 13-15 | 16-18 || total
-------------------------+-------+-------+-------+-------+-------+-------++-------
Melee: Unarmed           |   136 |   169 |   327 |   855 |  1719 |  1049 ||  4255
 Fire: Hunting sling     |       |    10 |       |       |       |       ||    10
       Blowgun           |       |     5 |   182 |    93 |    30 |     3 ||   313
Throw: Stone             |     6 |     1 |     5 |       |     6 |       ||    18
       Tomahawk          |     7 |    11 |     3 |       |     6 |     4 ||    31
       Throwing net      |       |       |       |       |     1 |       ||     1
       Javelin           |       |       |       |       |     4 |       ||     4
 Cast: Beastly Appendage |    16 |     2 |       |       |       |       ||    18
       Sticks to Snakes  |     8 |     6 |     1 |       |     3 |    11 ||    29
       Spider Form       |     1 |     9 |    21 |    47 |    57 |     1 ||   136
       Ice Form          |       |       |       |    23 |    57 |    54 ||   134
       Blade Hands       |       |       |       |       |    18 |    44 ||    62
       Corpse Rot        |       |       |       |       |     1 |       ||     1
       Petrify           |       |       |       |       |       |    12 ||    12
       Confusing Touch   |       |       |       |       |       |    14 ||    14
 Abil: Device Recharging |       |     1 |     2 |       |     1 |     3 ||     7
       Evoke Flight      |       |       |     7 |     2 |       |     1 ||    10
       End Transformatio |       |       |       |     2 |    20 |    33 ||    55
       Evoke Berserk Rag |       |       |       |       |     4 |       ||     4
       Evoke Invisibilit |       |       |       |       |       |     1 ||     1
Evoke: Wand              |     1 |     5 |    12 |     6 |    22 |    43 ||    89
       Stone of tremors  |       |       |       |       |     1 |       ||     1
  Use: Scroll            |       |     2 |     3 |    20 |    21 |    16 ||    62
       Potion            |       |     1 |       |     3 |     7 |    12 ||    23
 Stab: Sleeping          |     1 |     1 |     9 |     6 |     6 |       ||    23
       Distracted        |       |       |     1 |     1 |       |       ||     2
       Invisible         |       |       |       |       |     7 |    35 ||    42
       Petrified         |       |       |       |       |       |     3 ||     3
       Confused          |       |       |       |       |       |    13 ||    13
       Held in net/web   |       |       |       |       |       |     1 ||     1
       Paralysed         |       |       |       |       |       |     9 ||     9
       Fleeing           |       |       |       |       |       |     1 ||     1
  Eat: Chunk             |     2 |     8 |    14 |    31 |    53 |    24 ||   132
       Royal jelly       |       |       |     1 |       |     2 |       ||     3
       Beef jerky        |       |       |     2 |       |     4 |     1 ||     7
       Fruit             |       |       |       |     2 |     1 |     9 ||    12
       Bread ration      |       |       |       |     1 |       |     1 ||     2
       Pizza             |       |       |       |       |     4 |     1 ||     5
       Meat ration       |       |       |       |       |       |     3 ||     3
